 Dungeon Crawl Stone Soup version 0.30-a0-165-g1891117ce2 (webtiles) character file.

Game seed: 3760182241197153344

62 LnG the Caller (level 4, -9/24 HPs)
             Began as a Kobold Summoner on Sept 28, 2022.
             Mangled by a gnoll
             ... wielding a +0 halberd
              (15 damage)
             ... on level 2 of the Dungeon.
             The game lasted 00:02:31 (1634 turns).

LnG the Caller (Kobold Summoner)                    Turns: 1634, Time: 00:02:32

Health: -9/24      AC:  2    Str:  5    XL:     4   Next: 28%
Magic:  3/7        EV: 15    Int: 18    God:
Gold:   37         SH:  0    Dex: 15    Spells: 2/8 levels left

rFire   . . .      SeeInvis .    d - +1 short sword (venom)
rCold   . . .      Faith    .    (no shield)
rNeg    . . .      Spirit   .    a - +0 robe
rPois   .          Reflect  .    (no helmet)
rElec   .          Harm     .    (no cloak)
rCorr   .          Rampage  .    (no gloves)
Will    .....                    (no boots)
Stlth   ++++......               (no amulet)
HPRegen 0.08/turn                (no ring)
MPRegen 0.10/turn                (no ring)

@: no status effects
A: small, no large weapons, nightstalker 3
a: no special abilities


You were on level 2 of the Dungeon.
You visited 1 branch of the dungeon, and saw 2 of its levels.

You collected 37 gold pieces.

Inventory:

Hand Weapons
 d - a +1 short sword of venom (weapon)
Armour
 a - a +0 robe (worn)
Jewellery
 k - an amulet of regeneration
Scrolls
 g - a scroll of teleportation {unknown}
 h - a scroll of enchant armour {unknown}
 i - a scroll of magic mapping {unknown}
 j - a scroll of blinking {unknown}
Potions
 b - a potion of magic
 c - a potion of brilliance {unknown}
 e - a potion of cancellation {unknown}
 f - a potion of haste {unknown}
 l - a potion of flight {unknown}


   Skills:
 + Level 0.1 Fighting
 + Level 0.7 Short Blades
 + Level 3.3 Dodging
 + Level 3.8 Stealth
 + Level 2.5 Spellcasting
 + Level 4.5 Summonings


You had 2 spell levels left.
You knew the following spells:

 Your Spells              Type           Power      Damage    Failure   Level
a - Summon Small Mammal   Summ           72%        N/A       2%          1
b - Call Imp              Summ           18%        N/A       4%          2
c - Call Canine Familiar  Summ           18%        N/A       9%          3

Your spell library contained the following spells:

 Spells                   Type           Power      Damage    Failure   Level
 Summon Guardian Golem    Hex/Summ       10%        N/A       21%         3
 Summon Lightning Spire   Summ/Air       10%        N/A       56%         4


Dungeon Overview and Level Annotations

Branches:
Dungeon (2/15)

Altars:


Innate Abilities, Weirdness & Mutations

You are small and have problems with some larger weapons.
You are completely attuned to the shadows.


Message History

The gnoll is severely wounded.
The gnoll closely misses your crimson imp.
The gnoll barely misses you.
You hit the gnoll.
You kill the gnoll!
The gnoll hits you from afar with a +0 halberd!
Casting: Call Imp (safe; 4% risk of failure)
Confirm with . or Enter, or press ? or * to list all spells.
The spell is quite dangerous to miscast (9% risk of failure)!
Continue anyway?
Your crimson imp hits the gnoll.
The gnoll misses you.
The gnoll closely misses your crimson imp.
Your crimson imp hits the gnoll.
The gnoll barely misses your crimson imp.
The gnoll closely misses your crimson imp.
Your crimson imp closely misses the gnoll.
The gnoll hits your crimson imp but does no damage.
The gnoll closely misses your crimson imp.
Your hound closely misses the gnoll.
Your crimson imp hits the gnoll.
Your hound bites the gnoll.
The gnoll hits your crimson imp with a +0 club.
The gnoll misses your crimson imp.
Your hound closely misses the gnoll.
Your crimson imp barely misses the gnoll.
The gnoll hits your crimson imp with a +0 club.
The gnoll hits your crimson imp with a +0 halberd!
Your crimson imp dies!
Your crimson imp disappears in a puff of smoke!
Your hound bites the gnoll but does no damage.
Your hound completely misses the gnoll.
The gnoll hits your hound with a +0 club.
Your hound barely misses the gnoll.
The gnoll hits your hound with a +0 club.
Your hound bites the gnoll.
Your hound barely misses the gnoll.
The gnoll hits you with a +0 halberd.
* * * LOW HITPOINT WARNING * * *
You hit the gnoll.
The gnoll is poisoned.
The gnoll is moderately wounded.
Your hound closely misses the gnoll.
The gnoll hits you with a +0 halberd!
Ouch! That really hurt!
You die...

..........................
..........#.........#.#....#
....##..##..÷............#
.... #.###................
....##.# #.......÷........
#.#...# #....>......#.##.
#.#.### #.............#
#...# ##.....h.......
##..#######..@gg..#....
##............###..
###.....####..###
.....#........#
###..#.#....#...
####.##.#..#####.
#....##.......
#.#÷........#. ...)..#.....#


You could see 2 gnolls and a friendly hound (summoned).

Vanquished Creatures
  2 adders (D:2)
  A gnoll (D:2)
  A dart slug (D:1)
  2 endoplasms
  A giant cockroach (D:1)
  2 goblins
  3 hobgoblins
  2 jackals (D:1)
  A quokka (D:1)
  4 ball pythons (D:1)
  2 bats
  A frilled lizard (D:1)
  A kobold (D:1)
  2 rats (D:1)
25 creatures vanquished.

Vanquished Creatures (collateral kills)
  A dart slug (D:1)
  A hobgoblin (D:1)
  2 rats (D:1)
4 creatures vanquished.

Grand Total: 29 creatures vanquished

Notes
Turn   | Place    | Note
-------+----------+-------------------------------------------
     0 | D:1      | LnG the Kobold Summoner began the quest for the Orb.
     0 | D:1      | Reached XP level 1. HP: 10/10 MP: 3/3
   351 | D:1      | Reached XP level 2. HP: 15/15 MP: 5/5
   354 | D:1      | Learned a level 2 spell: Call Imp
   714 | D:1      | Reached XP level 3. HP: 19/19 MP: 6/6
   722 | D:1      | Learned a level 3 spell: Call Canine Familiar
   978 | D:1      | Found a faded altar of an unknown god.
  1354 | D:2      | Reached XP level 4. HP: 10/24 MP: 7/7
  1634 | D:2      | Mangled by a gnoll

Illustrated notes

Levels and vault maps discovered:
D:1:      dpeg_arrival_more_subterranean_lakeside_camping, layout_loops_ring,
          basic_ecumenical_altar
D:2:      layout_rooms

Skill      XL: |  1  2  3 |
---------------+----------+-----
Stealth        | 3 |  3.8
Dodging        | 3 |  3.3
Fighting       | |  0.1
Short Blades   | |  0.7
Spellcasting   | |  2.5
Summonings     | |  4.5

Action                   |  1- 3 |  4- 6 || total
-------------------------+-------+-------++-------
Melee: Unarmed           |     7 |       ||     7
       Short sword       |    43 |     8 ||    51
 Cast: Summon Small Mamm |     8 |       ||     8
       Call Imp          |       |     2 ||     2
       Call Canine Famil |       |     1 ||     1
 Stab: Sleeping          |    16 |       ||    16
       Distracted        |     1 |       ||     1
Armor: Robe              |     6 |       ||     6
Dodge: Dodged            |    27 |     6 ||    33

Table legend: (Time is in decaauts)
 A = Elapsed time spent in this place.
 B = Non-inter-level travel time spent in this place.
 C = Inter-level travel time spent in this place.
 D = Time resting spent in this place.
 E = Time spent auto-exploring this place.
 F = Levels seen in this place.
 G = Mean time per level.
                   A        B        C        D        E       F      G
               +--------+--------+--------+--------+--------+-----+--------+
         Total |   1633 |   1554 |     79 |    427 |    914 |   2 |  816.5 |
       Dungeon |   1633 |   1554 |     79 |    427 |    914 |   2 |  816.5 |
               +--------+--------+--------+--------+--------+-----+--------+

Top non-repeatable levels by time:
     D:1: 1225 daAuts
     D:2: 407 daAuts
